 Dungeon Crawl Stone Soup version 0.19-a0-854-gc78d25d (webtiles) character file.

39 Implojin the Chopper (level 3, -8/31 HPs)
             Began as a Minotaur Fighter on July 2, 2016.
             Mangled by an iguana (9 damage)
             ... on level 4 of the Dungeon.
             The game lasted 00:01:36 (297 turns).

Implojin the Chopper (Minotaur Fighter)              Turns: 297, Time: 00:01:36

Health: -8/31      AC:  8    Str: 20    XL:     3   Next: 28%
Magic:  1/1        EV:  7    Int:  5    God:
Gold:   40         SH:  9    Dex: 12    Spells: 0 memorised, 2 levels left

rFire  . . .     SeeInvis .     a - +0 war axe
rCold  . . .     Gourm    .     b - +0 scale mail
rNeg   . . .     Faith    .     c - +0 shield
rPois  .         Spirit   .     (helmet restricted)
rElec  .         Dismiss  .     (no cloak)
rCorr  .         Reflect  .     (no gloves)
SustAt .         Harm     .     k - +0 pair of boots
MR     .....                    (no amulet)
Stlth  ..........               (no ring)
                                (no ring)

@: not resistant to hostile enchantments, extremely unstealthy
A: retaliatory headbutt, horns 2, thin skeletal structure 1, low mp 1, screaming
1
a: no special abilities


You were on level 4 of the Dungeon.
You were not hungry.

You visited 1 branch of the dungeon, and saw 4 of its levels.

You collected 40 gold pieces.

Inventory:

Hand Weapons
 a - a +0 war axe (weapon)
Armour
 b - a +0 scale mail (worn)
 c - a +0 shield (worn)
 k - a +0 pair of boots (worn)
Scrolls
 g - a scroll of identify {unknown}
 l - a scroll of teleportation {unknown}
Comestibles
 d - a chunk of flesh
 f - 2 bread rations
 h - a beef jerky
 j - a meat ration


   Skills:
 - Level 3.6 Fighting
 * Level 4.5 Axes
 - Level 3.6 Armour
 - Level 3.6 Shields


You had 2 spell levels left.
You didn't know any spells.

Dungeon Overview and Level Annotations

Branches:
Dungeon (4/15)
 Temple: D:4-7

Altars:
Ru
Uskayaw
The Shining One


Innate Abilities, Weirdness & Mutations

You reflexively headbutt those who attack you in melee.
You have a pair of horns on your head.
You have a somewhat thin skeletal structure. (Dex +2, Stealth)
Your magical capacity is low. (-10% MP)
You occasionally shout uncontrollably at your foes.


Message History

An iguana comes into view.
The iguana hisses angrily.
Found a sacrificial altar of Ru.
The orc hits you but does no damage.
A giant gecko comes into view.
An ooze comes into view.
The ooze quivers.
You hit the ooze but do no damage. You headbutt the ooze.
The ooze is moderately wounded.
You hit the orc.
You kill the orc!
Your life force feels restored.
The ooze barely misses you. The iguana closely misses you.
You hit the iguana but do no damage. The iguana closely misses you.
You hit the iguana but do no damage.
You headbutt the iguana, but do no damage.
The iguana bites you.
* * * LOW HITPOINT WARNING * * *
Unknown command.
You slash the iguana! Your headbutt misses the iguana.
The iguana is heavily wounded.
The iguana bites you but does no damage.
You block the iguana's attack.
You closely miss the iguana.
The iguana is heavily wounded.
The iguana bites you.
* * * LOW HITPOINT WARNING * * *
Unknown command.
You hit the iguana.
The iguana is severely wounded.
The iguana bites you!
* * * LOW HITPOINT WARNING * * *
It was a potion of cancellation.
You feel magically purged.
The iguana bites you but does no damage.
It was a potion of mutation.
You feel extremely strange.
You feel less energetic.
You feel the urge to shout.
Your bones become slightly less dense.
The iguana bites you!
You die...

.###############.
.....#oJl@.......
.....#Zo#########
...####.........
....^#o†###########
.#...#.o####.......
#+###.Z........#
#.....#o.o.....#
#_#...#...<....#
###...#........#


You could see an iguana, an ooze, 2 orcs and an adder skeleton.

Vanquished Creatures
  An ooze (D:2)
  2 worms (D:2)
  A dart slug (D:2)
  2 giant geckos
  An orc (D:4)
  3 ball pythons
  2 giant cockroaches
  3 goblins
  2 hobgoblins
  A jackal (D:1)
  A kobold (D:1)
  2 bats (D:2)
  A rat (D:3)
22 creatures vanquished.

Notes
Turn   | Place    | Note
-------+----------+-------------------------------------------
     0 | D:1      | Implojin the Minotaur Fighter began the quest for the Orb.
     0 | D:1      | Reached XP level 1. HP: 19/19 MP: 0/0
     6 | D:1      | Noticed an electric eel
    59 | D:1      | Reached skill level 3 in Axes
    74 | D:1      | Reached XP level 2. HP: 14/26 MP: 1/1
   125 | D:2      | Found a hide-covered altar of Uskayaw.
   197 | D:2      | Reached skill level 4 in Axes
   203 | D:2      | Reached XP level 3. HP: 6/31 MP: 2/2
   250 | D:2      | Found a glowing golden altar of the Shining One.
   282 | D:4      | Found a sacrificial altar of Ru.
   295 | D:4      | HP: 1/31 [iguana (10)]
   297 | D:4      | Gained mutation: Your magical capacity is low. (-10% MP) [potion of mutation]
   297 | D:4      | Gained mutation: You occasionally shout uncontrollably at your foes. [potion of mutation]
   297 | D:4      | Gained mutation: You have a somewhat thin skeletal structure. (Dex +2, Stealth) [potion of mutation]
   297 | D:4      | Mangled by an iguana

Vault maps used:
D:1:      arrival_aquarium_a
D:2:      tso_metal_star, eat_drink_and_be_merry_uskayaw,
          nicolae_dithmenos_shadow_blocks, uniq_iyjb
D:3:      overflow_temple_1_default
D:4:      hangedman_ru_absence

Skill      XL: |  1  2 |
---------------+-------+-----
Axes           | 3 4 |  4.5
Fighting       | |  3.6
Armour         | |  3.6
Shields        | |  3.6

Action                   || total
-------------------------++-------
Melee: War axe           ||    44
       Headbutt          ||     7
  Use: Potion            ||     3
Armor: Scale mail        ||    33
Dodge: Dodged            ||    16
Block: Shield            ||    43

Table legend:
 A = Turns spent in this place as a percentage of turns spent in the entire game.
 B = Non-inter-level travel turns spent in this place as a percentage of non-inter-level travel turns spent in the entire game.
 C = Inter-level travel turns spent in this place as a percentage of turns spent in this place.
 D = Turns resting spent in this place as a percentage of non-inter-level travel turns spent in this place.
 E = Turns spent auto-exploring this place as a percentage of non-inter-level travel turns spent in this place.
 F = Non-inter-level travel turns spent in this place divided by the number of levels of this place that you've seen.
                   A       B       C       D       E      F
               +-------+-------+-------+-------+-------+----------------------
         Total | 100.0 | 100.0 |   0.0 |   0.0 |   0.0 |  74.0
       Dungeon | 100.0 | 100.0 |   0.0 |   0.0 |   0.0 |  74.0
               +-------+-------+-------+-------+-------+----------------------

Table legend:
 A = Kills in this place as a percentage of kills in entire the game.
 B = Kills by you in this place as a percentage of kills by you in the entire game.
 C = Kills by friends in this place as a percentage of kills by friends in the entire game.
 D = Other kills in this place as a percentage of other kills in the entire game.
 E = Experience gained in this place as a percentage of experience gained in the entire game.
 F = Experience gained in this place divided by the number of levels of this place that you have seen.
                   A       B       C       D       E      F
               +-------+-------+-------+-------+-------+----------------------
         Total | 100.0 | 100.0 |  -nan |  -nan | 100.0 |  14.2
       Dungeon | 100.0 | 100.0 |  -nan |  -nan | 100.0 |  14.2
               +-------+-------+-------+-------+-------+----------------------
